Map: World of Sleepers LE

Players

Ratl

  • Race: Protoss Protoss
  • Spawn Location: 1:00

bruno - Winner!

  • Race: Terran Terran
  • League: Bronze
  • Spawn Location: 7:00

VOD

Have the link to the VOD?

Description

Time

  • Played on: Dec. 15, 2019, 7:09 p.m.
  • Length: 4:24
Show
View Real Time Build Order
Export as new Build Order

Ratl Protoss 

Build Orders:  

Get SALT Encoding   

  12  0:03  Probe  
  13  0:15  Probe  
  14  0:22  Pylon  
  14  0:27  Probe  
  15  0:40  Probe  
  16  0:44  Gateway  
  16  0:55  Probe  
  17  1:02  Assimilator  
  17  1:06  Assimilator  
  17  1:10  Probe (Chrono Boost), Gateway  
  18  1:20  Probe (Chrono Boost)  
  19  1:45  Probe (Chrono Boost)  
  20  1:52  Cybernetics Core  
  19  1:55  Pylon  
  19  1:57  Probe (Chrono Boost)  
  20  2:06  Probe (Chrono Boost)  
  21  2:11  Probe  
  22  2:23  Probe  
  23  2:32  Nexus  
  23  2:34  Stalker (Chrono Boost)  
  23  2:35  Probe  
  28  2:47  Probe  
  28  2:49  Stalker (Chrono Boost)  
  29  2:57  Pylon  
  29  3:02  Probe  
  30  3:10  Forge  
  30  3:15  Probe  
  31  3:20  Robotics Facility  
  32  3:27  Probe  
  32  3:34  Stalker x2  
Show
View Real Time Build Order
Export as new Build Order

bruno Terran - Winner!

Build Orders:  

Get SALT Encoding   

  12  0:03  SCV  
  13  0:16  Supply Depot  
  13  0:20  SCV  
  14  0:32  SCV  
  15  0:40  Barracks  
  15  0:44  SCV  
  16  0:51  Barracks  
  16  1:09  Barracks  
  16  1:14  SCV  
  17  1:19  Supply Depot  
  17  1:26  SCV  
  17  1:29  Marine  
  19  1:39  Marine  
  20  1:46  Supply Depot  
  20  1:47  Marine  
  21  1:57  Barracks  
  21  1:58  Marine x2  
  23  2:11  Marine  
  24  2:21  Supply Depot  
  24  2:22  Marine x2  
  25  2:28  Marine  
  27  2:31  SCV  
  28  2:40  Marine x2  
  30  2:45  Marine  
  30  2:46  Marine  
  32  2:57  Marine  
  32  2:58  Marine  
  33  3:03  Marine  
  33  3:04  Marine  
  36  3:15  Marine  
  36  3:16  Marine  
  38  3:21  Marine  
  38  3:22  Marine  
  39  3:33  Marine  
  39  3:34  Marine  
  39  3:50  Marine  
  39  3:51  Marine x3  
Tags
 
Add a new tag
Caveats
  • Supply blocks, unpowered buildings, or Contaminate may cause inaccurate times.
  • Supply counts are checked every 10 seconds.